 Dungeon Crawl Stone Soup version 0.31-a0-1469-gd420192249 (webtiles) character file.

Game seed: 9442653804444126175

144 grandjackal the Chopper (level 5, -2/41 HPs)
             Began as a Demonspawn Gladiator on Dec 29, 2023.
             Slain by a sleepcap (6 damage)
             ... on level 3 of the Dungeon.
             The game lasted 00:01:47 (1431 turns).

grandjackal the Chopper (Demonspawn Gladiator)      Turns: 1431, Time: 00:01:48

Health: -2/41      AC:  4    Str: 17    XL:     5   Next: 5%
Magic:  5/5        EV:  9    Int:  8    God:
Gold:   100        SH:  0    Dex: 16    Spells: 4/4 levels left

rFire   . . .        a - +0 war axe
rCold   . . .        (no shield)
rNeg    . . .        b - +0 leather armour
rPois   .            c - +0 helmet
rElec   .            (no cloak)
rCorr   .            (no gloves)
SInv    .            (no boots)
Will    .....        (no amulet)
Stlth   ++           (no ring)
HPRegen 0.26/turn    (no ring)
MPRegen 0.09/turn

%: no passive effects
@: grasped by roots, constricted
A: thin skeletal structure 1, powered by death 1, demonic touch 1
a: no special abilities


You were on level 3 of the Dungeon.
You visited 1 branch of the dungeon, and saw 3 of its levels.

You collected 100 gold pieces.

Inventory:

Hand Weapons
 a - a +0 war axe (weapon)
Missiles
 d - 3 throwing nets (quivered)
 e - a javelin
Armour
 b - a +0 leather armour (worn)
 c - a +0 helmet (worn)
 o - a +0 buckler
Scrolls
 h - a scroll of acquirement {unknown}
 i - a scroll of enchant weapon {unknown}
 j - a scroll of revelation {unknown}
 k - a scroll of identify {unknown}
 m - 2 scrolls of noise {unknown}
Potions
 f - a potion of curing
 g - a potion of lignification {unknown}
 l - a potion of heal wounds {unknown}
 n - a potion of haste {unknown}


   Skills:
 + Level 3.4 Fighting
 + Level 3.7 Axes
 - Level 2.0 Throwing
 - Level 3.0 Dodging
 + Level 1.5 Shields


You had 4 spell levels left.
You didn't know any spells.
Your spell library contained the following spells:

 Spells                   Type           Power      Damage    Failure   Level
 Magic Dart               Conj           0%         1d3       47%         1
 Slow                     Hex            0%         N/A       47%         1
 Blink                    Tloc           0%         N/A       63%         2
 Call Imp                 Summ           0%         N/A       63%         2
 Confusing Touch          Hex            0%         N/A       85%         3
 Sigil of Binding         Hex            0%         N/A       85%         3
 Vampiric Draining        Necr           0%         2d6       85%         3


Dungeon Overview and Level Annotations

Branches:
Dungeon (3/15)

Altars:

Annotations:
D:3 Ijyb


Innate Abilities, Weirdness & Mutations

You have a somewhat thin skeletal structure. (Dex +2, Stealth+)
You regenerate a little health from kills.
Your touch may inflict minor irresistible damage on your foes.


Message History

You slash Ijyb!
Ijyb is heavily wounded.
Ijyb hits you with a +0 dagger.
You hit Ijyb but do no damage.
Ijyb is heavily wounded.
Ijyb hits you with a +0 dagger.
You closely miss Ijyb.
Ijyb is heavily wounded.
Ijyb zaps a wand.
The roots erupt in riotous growth!
The grasping roots grab you!
Ijyb is unaffected.
The grasping roots constrict you. Ijyb hits you with a +0 dagger.
The grasping roots constrict you.
* * * LOW HITPOINT WARNING * * *
You feel better.
A sleepcap comes into view.
Ijyb barely misses you. The grasping roots constrict you.
The grasping roots release their grip on you.
You hit Ijyb.
Ijyb is severely wounded.
Ijyb hits you with a +0 dagger.
You hit Ijyb but do no damage.
Ijyb is severely wounded.
Ijyb zaps a wand.
The roots erupt in riotous growth!
The grasping roots grab you!
Ijyb is unaffected.
The grasping roots constrict you.
* * * LOW HITPOINT WARNING * * *
Unknown command.
You feel better.
Ijyb grins evilly.
Ijyb hits you with a +0 dagger. The grasping roots constrict you.
You hit Ijyb.
Ijyb is severely wounded.
Ijyb hits you with a +0 dagger. The grasping roots constrict you.
* * * LOW HITPOINT WARNING * * *
Ijyb hits you with a +0 dagger.
* * * LOW HITPOINT WARNING * * *
The grasping roots constrict you.
* * * LOW HITPOINT WARNING * * *
The sleepcap releases spores at you.
You die...

#..# .#######..######
................
#.#######..###### > #.#
#..# #. #.# #..#
...#####.#######..#
......f†..........#
#.g@..#######.######
#.....#######.......
#####............######.
..........######.#
#####.....# #.# #######
#.# #.. ##. .#


You could see a sleepcap and Ijyb.

Vanquished Creatures
  Natasha (thrice) (D:3)
  2 adders
  5 ball pythons (D:1)
  5 bats
  5 endoplasms
  2 giant cockroaches (D:1)
  4 hobgoblins
  7 jackals
  3 quokkas (D:1)
  2 frilled lizards (D:1)
  3 goblins (D:1)
  2 kobolds
  7 rats
50 creatures vanquished.

Notes
Turn   | Place    | Note
-------+----------+-------------------------------------------
     0 | D:1      | grandjackal the Demonspawn Gladiator began the quest for
                  | the Orb.
     0 | D:1      | Reached XP level 1. HP: 16/16 MP: 1/1
   221 | D:1      | Gained mutation: Your touch may inflict minor irresistible
                  | damage on your foes. [demonic ancestry]
   221 | D:1      | Reached XP level 2. HP: 22/22 MP: 2/2
   631 | D:1      | Gained mutation: You regenerate a little health from kills.
                  | [demonic ancestry]
   631 | D:1      | Reached XP level 3. HP: 25/28 MP: 3/3
  1316 | D:3      | Noticed Natasha
  1320 | D:3      | Killed Natasha
  1321 | D:3      | Reached skill level 1 in Shields
  1321 | D:3      | Gained mutation: You have a somewhat thin skeletal
                  | structure. (Dex +2, Stealth+) [demonic ancestry]
  1321 | D:3      | Reached XP level 4. HP: 28/35 MP: 4/4
  1356 | D:3      | Noticed Natasha
  1365 | D:3      | Killed Natasha
  1408 | D:3      | Noticed Natasha
  1411 | D:3      | Noticed Ijyb
  1418 | D:3      | Killed Natasha
  1419 | D:3      | Reached XP level 5. HP: 17/41 MP: 5/5
  1431 | D:3      | Slain by a sleepcap

Illustrated notes

Levels and vault maps discovered:
D:1:      eino_arrival_druids_welcome, layout_basic,
          hangedman_decor_peaks_small, corexii_hall_statues_l,
          minmay_misc_feat_tiny, minmay_heptomino_l4
D:2:      layout_rooms
D:3:      layout_loops_ring, ebering_ghost_reflecting_pool, uniq_natasha,
          uniq_ijyb

Skill      XL: |  1  2  3 |
---------------+----------+-----
Throwing       | 2 |  2.0
Axes           | 3 |  3.7
Dodging        | 3 |  3.0
Fighting       | 3 |  3.4
Shields        | 1 |  1.5

Action                     |  1- 3 |  4- 6 || total
---------------------------+-------+-------++-------
  Melee: War axe           |   101 |    26 ||   127
         Touch             |     5 |     1 ||     6
         Punch             |     2 |       ||     2
    Use: Potion            |       |     3 ||     3
   Stab: Sleeping          |     2 |       ||     2
         Distracted        |       |     1 ||     1
 Armour: Leather armour    |    54 |    21 ||    75
  Dodge: Dodged            |    74 |    14 ||    88

Table legend: (Time is in decaauts)
 A = Elapsed time spent in this place.
 B = Non-inter-level travel time spent in this place.
 C = Inter-level travel time spent in this place.
 D = Time resting spent in this place.
 E = Time spent auto-exploring this place.
 F = Levels seen in this place.
 G = Mean time per level.
                   A        B        C        D        E       F      G
               +--------+--------+--------+--------+--------+-----+--------+
         Total |   1473 |   1412 |     61 |     73 |    991 |   3 |  491.0 |
       Dungeon |   1473 |   1412 |     61 |     73 |    991 |   3 |  491.0 |
               +--------+--------+--------+--------+--------+-----+--------+

Top non-repeatable levels by time:
     D:1: 882 daAuts
     D:2: 448 daAuts
     D:3: 142 daAuts
